 Dungeon Crawl Stone Soup version 0.30.1-4-g462c640d31 (webtiles) character file.

Game seed: 3197690019554021880

140 wingedge the Trooper (level 4, -3/40 HPs)
             Began as a Demigod Fighter on Sept 14, 2023.
             Killed by nerve-wracking pain
             ... invoked by Grinder
              (5 damage)
             ... on level 3 of the Dungeon.
             The game lasted 00:05:28 (2327 turns).

wingedge the Trooper (Demigod Fighter)              Turns: 2327, Time: 00:05:29

Health: -3/40      AC: 18    Str: 21    XL:     4   Next: 72%
Magic:  6/6        EV:  5    Int: 10    God:
Gold:   118        SH:  4    Dex: 13    Spells: 3/3 levels left

rFire   . . .        a - +0 war axe (protect)
rCold   . . .        c - +0 buckler
rNeg    . . .        h - +0 plate armour
rPois   .            (no helmet)
rElec   .            (no cloak)
rCorr   .            (no gloves)
SInv    .            (no boots)
Will    .....        (no amulet) Stlth
                     (no ring)
HPRegen 0.26/turn    (no ring)
MPRegen 0.10/turn

%: no passive effects
@: under a protective aura
A: high MP 1, forlorn, divine attributes
a: no special abilities


You were on level 3 of the Dungeon.
You visited 1 branch of the dungeon, and saw 3 of its levels.

You collected 118 gold pieces.

Inventory:

Hand Weapons
 a - a +0 war axe of protection (weapon)
Armour
 b - a +0 scale mail
 c - a +0 buckler (worn)
 h - a +0 plate armour (worn)
Scrolls
 j - 2 scrolls of teleportation
Potions
 d - a potion of might
 e - a potion of invisibility {unknown}
 f - a potion of flight {unknown}
 g - 2 potions of attraction
 i - a potion of heal wounds {unknown}
 n - a potion of degeneration {unknown}


   Skills:
 + Level 4.1 Fighting
 + Level 2.2 Axes
 + Level 3.7 Armour
 - Level 3.0 Shields


You had 3 spell levels left.
You didn't know any spells.
Your spell library contained the following spells:

 Spells                   Type           Power      Damage    Failure   Level
 Sublimation of Blood     Necr           0%         N/A       100%        2
 Wereblood                Tmut           0%         N/A       100%        2
 Stone Arrow              Conj/Erth      0%         3d7       100%        3
 Animate Armour           Summ/Erth      0%         N/A       100%        4
 Summon Hydra             Summ           0%         N/A       100%        7
 Lehudib's Crystal Spear  Conj/Erth      0%         10d2      100%        8


Dungeon Overview and Level Annotations

Branches:
Dungeon (3/15)

Annotations:
D:3 Grinder


Innate Abilities, Weirdness & Mutations

You have an increased reservoir of magic. (+10% MP)
You shall have no god before yourself.
Your divine heritage dramatically boosts your attributes as you level up.


Message History

Grinder is moderately wounded.
Grinder hits you.
You writhe in agony.
You closely miss Grinder.
Grinder is moderately wounded.
Grinder blinks!
You slash Grinder!
Your weapon exudes an aura of protection.
Grinder is heavily wounded.
Grinder drinks a potion.
Grinder is healed!
You closely miss Grinder.
Grinder is moderately wounded.
You block Grinder's attack.
You barely miss Grinder.
Grinder is moderately wounded.
Grinder completely misses you. Grinder hits you.
You writhe in agony.
Press: ? - help, v - describe, . - travel
Here: Grinder (moderately wounded)
A stone staircase leading down.
Unknown command.
You slash Grinder!
Your weapon exudes an aura of protection.
Grinder is severely wounded.
Grinder blinks!
There is a stone staircase leading down here.
You hit Grinder.
Grinder is severely wounded.
Grinder gestures at you. Pain shoots through your body!
* * * LOW HITPOINT WARNING * * *
You block Grinder's attack.
Okay, then.
Okay, then.
Press: ? - help, v - describe, . - travel
Here: Grinder (severely wounded)
The floor.
As you read the scroll of fear, it crumbles to dust.
You assume a fearsome visage.
Grinder looks frightened!
Grinder gestures at you. Pain shoots through your body!
You die...

#####..#.# #.#.# #........##
#.#.# #.# #.....######.#.#####
#.# #...(..............#
#########.###...............# #
#......)....#.....#..###.#..##.#
#.######)##.#.....#..##........#
#.# #.#.....####..##........#
#.# ##..###...@5.............#
#.# ##..#####.####..##........#
#.# ##..## #....###..##.....[..#
#.###...# #.........##........#
...##...## #....####...........#
.)....#..#####.##########....###
...##.#...###..).....# #.#.##
#............#######.####.#.#
#####.#...##........#.......#


You could see Grinder (fleeing).

Vanquished Creatures
  4 gnolls
  4 adders (D:2)
  A worm (D:2)
  A dart slug (D:3)
  An orc (D:3)
  4 ball pythons
  6 endoplasms
  2 giant cockroaches
  5 goblins
  9 hobgoblins
  2 jackals (D:1)
  A quokka (D:1)
  4 bats
  3 frilled lizards
  8 kobolds
  5 rats
60 creatures vanquished.

Notes
Turn   | Place    | Note
-------+----------+-------------------------------------------
     0 | D:1      | wingedge the Demigod Fighter began the quest for the Orb.
     0 | D:1      | Reached XP level 1. HP: 18/18 MP: 3/3
   199 | D:1      | Reached XP level 2. HP: 19/25 MP: 4/4
   436 | D:1      | Reached skill level 3 in Fighting
   683 | D:1      | Reached XP level 3. HP: 31/31 MP: 5/5
  1250 | D:2      | Reached XP level 4. HP: 40/40 MP: 6/6
  1759 | D:3      | Noticed Grinder
  2026 | D:3      | Reached skill level 4 in Fighting
  2297 | D:3      | Paralysed by Grinder for 5 turns
  2306 | D:3      | Paralysed by Grinder for 3 turns
  2314 | D:3      | Paralysed by Grinder for 5 turns
  2326 | D:3      | HP: 1/40 [Grinder/nerve-wracking pain (13)]
  2327 | D:3      | Killed from afar by Grinder

Illustrated notes

Levels and vault maps discovered:
D:1:      saegor_arrival_under_anarchy, layout_rooms, minmay_misc_feat_iff
D:2:      layout_loops_cross, basic_altar
D:3:      layout_loops_ring, lemuel_coloured_pillars_altar, uniq_grinder

Skill      XL: |  1  2  3  4 |
---------------+-------------+-----
Axes           | 2 |  2.2
Fighting       | 3 4 |  4.1
Armour         | 3 |  3.7
Shields        | 3 |  3.0

Action                     |  1- 3 |  4- 6 || total
---------------------------+-------+-------++-------
  Melee: War axe           |   152 |    89 ||   241
  Throw: Throwing net      |     1 |       ||     1
    Use: Scroll            |       |     7 ||     7
   Stab: Held in net/web   |     1 |       ||     1
 Armour: Scale mail        |    39 |       ||    39
         Plate armour      |    48 |    70 ||   118
  Dodge: Dodged            |    54 |    16 ||    70
  Block: Buckler           |    40 |    19 ||    59
